 Dungeon Crawl Stone Soup version 0.29.1-14-g9c671dbff4 (webtiles) character file.

Game seed: 2707640545627993769

273 KittyFluff the Cudgeller (level 6, -5/57 HPs)
             Began as a Gargoyle Berserker on Feb 16, 2023.
             Was a Believer of Trog.
             Killed from afar by an oklob plant (12 damage)
             ... with a splash of acid
             ... on level 4 of the Dungeon.
             The game lasted 00:13:01 (3760 turns).

KittyFluff the Cudgeller (Gargoyle Berserker)       Turns: 3760, Time: 00:13:01

Health: -5/57      AC:  5    Str: 20    XL:     6   Next: 23%
Magic:  6/6        EV: 12    Int:  8    God:    Trog [**....]
Gold:   209        SH:  0    Dex: 11    Spells: 5/5 levels left

rFire   . . .      SeeInvis .   a - +0 mace
rCold   . . .      Faith    .   (no shield)
rNeg    + + .      Spirit   .   y - +0 leather armour
rPois   ∞          Reflect  .   (no helmet)
rElec   +          Harm     .   (no cloak)
rCorr   .          Rampage  .   (no gloves)
Will    .....                   I - +0 pair of boots
Stlth   ..........              B - amulet of regeneration
HPRegen 0.99/turn               d - ring of positive energy
MPRegen 0.10/turn               (no ring)

@: berserking, corroded, studying Summonings, very quick
A: sickness immunity, AC +4, negative energy resistance 1, electricity
resistance, torment resistance 1, petrification resistance
a: Renounce Religion, Berserk, Trog's Hand


You were on level 4 of the Dungeon.
You worshipped Trog.
Trog was pleased with you.
You visited 1 branch of the dungeon, and saw 4 of its levels.

You collected 209 gold pieces.

Inventory:

Hand Weapons
 a - a +0 mace (weapon)
 t - a +0 sling
 u - a +0 quarterstaff
 J - a +0 quarterstaff
Missiles
 e - 52 stones (quivered)
 h - 4 javelins
 j - 12 poisoned darts
Armour
 y - a +0 leather armour (worn)
 I - a +0 pair of boots (worn)
Jewellery
 d - a ring of positive energy (left hand)
 B - an amulet of regeneration (around neck)
 D - a ring of fire
Wands
 E - a wand of flame (18)
 G - a wand of roots (9)
Scrolls
 b - 2 scrolls of teleportation {unknown}
 c - 2 scrolls of summoning {unknown}
 g - a scroll of noise {unknown}
 i - 4 scrolls of identify {unknown}
 k - a scroll of torment {unknown}
 q - 2 scrolls of amnesia {unknown}
 r - a scroll of enchant weapon {unknown}
 v - a scroll of fear {unknown}
 x - a scroll of vulnerability {unknown}
 A - a scroll of butterflies {unknown}
 C - a scroll of blinking {unknown}
 F - 2 scrolls of immolation {unknown}
 H - a scroll of magic mapping {unknown}
Potions
 f - a potion of invisibility {unknown}
 l - a potion of cancellation {unknown}
 m - a potion of berserk rage {unknown}
 n - a potion of curing {unknown}
 o - 2 potions of lignification {unknown}
 p - a potion of attraction {unknown}
 s - 2 potions of degeneration {unknown}
 w - a potion of heal wounds {unknown}
 z - 2 potions of brilliance {unknown}


   Skills:
 + Level 4.2 Fighting
 + Level 5.0 Maces & Flails
 * Level 3.5 Armour
 + Level 2.4 Dodging
 + Level 0.9 Stealth


You had 5 spell levels left.
You didn't know any spells.
Your spell library was empty.

Dungeon Overview and Level Annotations

Branches:
Dungeon (4/15)
 Temple: D:4-7

Altars:
Fedhas
Gozag
Hepliaklqana
Vehumet
Wu Jian
Xom

Annotations:
D:4 exclusion: oklob plant


Innate Abilities, Weirdness & Mutations

You are immune to sickness and miasma.
Your stone body is resilient. (AC +4)
You are immune to poison.
You resist negative energy. (rN+)
You are resistant to electric shocks. (rElec)
You are resistant to unholy torment.
You are immune to petrification.


Message History

The plant is lightly damaged.
You thump the plant!
The plant is lightly damaged.
You hit the plant.
The plant is lightly damaged.
You thump the plant!
The plant is moderately damaged.
A nearby plant withers and dies.
You sock the plant!
The plant begins to die.
The plant is lightly damaged.
You sock the plant!
The plant is lightly damaged.
You hit the plant.
The plant is lightly damaged.
You hit the plant.
The plant is lightly damaged.
A nearby plant withers and dies.
Really walk into a travel-excluded area?
You hit the oklob plant but do no damage.
The oklob plant spits acid at you. The splash of acid hits you!!
Ouch! That really hurt!
A red film seems to cover your vision as you go berserk!
You feel yourself moving faster!
You feel mighty!
You hit the oklob plant but do no damage.
You sock the oklob plant!
The oklob plant is moderately damaged.
The oklob plant spits acid at you. The splash of acid hits you!
* * * LOW HITPOINT WARNING * * *
The acid corrodes you!
You hit the oklob plant.
The oklob plant is moderately damaged.
You hit the oklob plant but do no damage.
The oklob plant is moderately damaged.
You sock the oklob plant!
The oklob plant is heavily damaged.
The oklob plant spits acid at you. The splash of acid hits you!
You die... #.### # #.<.## ### #...#####.. ###....##.... #............ ################# ###...#........
P.PPPPP PP#P#..P##.##............ #P..PP# ##P#P.#.PP###.#._.#.....[ P##P.P###P...P#.@PP##............ .PP

#PPPP.PPPPPP..##....#........
PPP##.......##PP.#P#.............
P#PP..≈~~~~..P#P.#P#...#.........
#P#..~≈≈≈≈~~..PPPP##..##.........
#P..~~≈≈≈≈≈~~..PPP##.............
PP.~≈≈~≈~~≈≈~~.PPP#######........
##.~≈~~...≈~≈≈.PPPP# #........
...~~≈~._......PPPP# ##...)...


You could see an oklob plant.

Vanquished Creatures
  An ogre (D:4)
  A howler monkey (D:4)
  An iguana (D:4)
  4 adders
  A white imp (D:4)
  An ufetubus (D:4)
  2 dart slugs (D:3)
  2 orcs (D:3)
  2 bats
  3 endoplasms
  2 giant cockroaches
  12 goblins
  7 hobgoblins
  4 jackals (D:2)
  A quokka (D:4)
  3 ball pythons
  5 frilled lizards
  8 kobolds
  7 rats
67 creatures vanquished.

Vanquished Creatures (others)
  4 plants (D:4)
  15 toadstools (D:4)
19 creatures vanquished.

Grand Total: 86 creatures vanquished

Notes
Turn   | Place    | Note
-------+----------+-------------------------------------------
     0 | D:1      | KittyFluff the Gargoyle Berserker began the quest for the
                  | Orb.
     0 | D:1      | Reached XP level 1. HP: 14/14 MP: 1/1
   220 | D:1      | Found a faded altar of an unknown god.
   495 | D:1      | Reached XP level 2. HP: 14/19 MP: 2/2
  1095 | D:2      | Reached XP level 3. HP: 12/24 MP: 3/3
  1758 | D:2      | Reached ** piety under Trog
  2184 | D:3      | Reached XP level 4. HP: 16/29 MP: 4/4
  2335 | D:3      | Found a hazy altar of Hepliaklqana.
  2495 | D:3      | Reached skill level 4 in Maces & Flails
  3042 | D:4      | Reached XP level 5. HP: 33/33 MP: 5/5
  3176 | D:4      | Found an ornate altar of the Wu Jian Council.
  3194 | D:4      | Noticed an ogre
  3202 | D:4      | Killed an ogre
  3273 | D:4      | Found a radiant altar of Vehumet.
  3409 | D:4      | Reached XP level 6. HP: 35/38 MP: 6/6
  3410 | D:4      | Reached skill level 5 in Maces & Flails
  3610 | D:4      | Found an opulent altar of Gozag.
  3668 | D:4      | Found a shimmering altar of Xom.
  3694 | D:4      | Found a blossoming altar of Fedhas.
  3712 | D:4      | Noticed an oklob plant
  3760 | D:4      | Killed from afar by an oklob plant

Illustrated notes

Levels and vault maps discovered:
D:1:      lemuel_arrival_river_bridge, layout_basic,
          dreamdust_ecumenical_altar_statues, kennysheep_boxes
D:2:      layout_loops_corners
D:3:      layout_basic, lemuel_coloured_pillars_altar, minmay_misc_feat_cross
D:4:      layout_cave_pods, nicolae_wu_jian_wuxing_cycle, vehumet_altar_wand_db,
          tgw_fedhas, mainiacjoe_overflow_large_starburst, cheibrodos_gnoll_hut

Skill      XL: |  1  2  3  4  5  6 |
---------------+-------------------+-----
Dodging        | 2 |  2.4
Maces & Flails | 4 5 |  5.0
Fighting       | 4 |  4.2
Armour         | 3 |  3.5
Stealth        | |  0.9

Action                   |  1- 3 |  4- 6 || total
-------------------------+-------+-------++-------
Melee: Mace              |   129 |   124 ||   253
       Punch             |       |     1 ||     1
Invok: Berserk           |       |     2 ||     2
Armor: Animal skin       |    51 |     2 ||    53
       Leather armour    |       |    36 ||    36
Dodge: Dodged            |    85 |    71 ||   156
